Map: Lerilak Crest

Players

xKawaiian

  • Race: Terran Terran
  • League: Master

Bison - Winner!

  • Race: Zerg Zerg
  • League: Master

VOD

Have the link to the VOD?

Description

Time

  • Played on: Jan. 15, 2016, 3:08 a.m.
  • Length: 10:43
Show
View Real Time Build Order
Export as new Build Order

xKawaiian Terran 

Build Orders: Reaper Expand, MMM Bio 

Get SALT Encoding   

  12  0:01  SCV  
  13  0:13  SCV  
  14  0:17  Supply Depot  
  14  0:25  SCV  
  15  0:38  SCV  
  15  0:41  Barracks  
  16  0:46  Refinery  
  16  0:50  SCV  
  17  1:03  SCV  
  18  1:15  SCV  
  19  1:28  Orbital Command  
  19  1:30  Reaper  
  20  1:42  Command Center  
  20  1:52  Supply Depot  
  20  1:55  SCV  
  21  2:03  Barracks Reactor  
  21  2:07  SCV  
  22  2:09  Barracks  
  22  2:19  Barracks  
  22  2:20  SCV  
  23  2:33  SCV  
  24  2:41  Marine  
  24  2:42  Marine  
  26  2:45  SCV  
  27  2:55  Orbital Command  
  27  2:57  SCV, Barracks Tech Lab  
  28  3:03  Factory, Marine x2  
  30  3:07  Marine  
  30  3:10  Refinery  
  31  3:13  SCV  
  31  3:18  Stimpack, Marine  
  33  3:21  SCV  
  33  3:25  SCV  
  33  3:26  Marine  
  36  3:27  Marine  
  36  3:28  Supply Depot  
  37  3:35  Marine  
  37  3:36  Marine  
  37  3:37  SCV  
  41  3:41  SCV  
  41  3:44  Marine  
  41  3:47  Marine  
  43  3:48  Starport  
  43  3:49  SCV  
  43  3:54  Supply Depot, Factory Reactor  
  44  3:57  Marine x2  
  44  3:59  SCV  
  47  4:03  SCV  
  47  4:05  Marine  
  47  4:08  Marine  
  50  4:11  SCV  
  50  4:15  SCV, Marine  
  53  4:19  Supply Depot  
  53  4:21  Marine  
  53  4:23  SCV, Marine  
  56  4:28  SCV  
  57  4:33  Medivac  
  57  4:34  Medivac  
  57  4:35  SCV  
  62  4:41  SCV, Marine  
  62  4:44  Supply Depot  
  64  4:47  SCV, Marine  
  66  4:53  SCV  
  66  4:58  Command Center  
  66  4:59  SCV, Marine  
  68  5:01  Barracks Reactor  
  68  5:02  Factory Reactor  
  68  5:03  Marine  
  68  5:05  SCV, Marine  
  72  5:11  SCV, Medivac  
  72  5:13  Refinery  
  75  5:14  Refinery  
  75  5:17  Marine  
  75  5:18  SCV  
  75  5:21  Supply Depot, Marine  
  76  5:23  SCV  
  78  5:28  Supply Depot  
  78  5:29  Supply Depot  
  78  5:31  Combat Shields  
  78  5:42  Marine x3, Widow Mine x2  
  83  5:46  SCV  
  86  5:50  SCV, Marine  
  88  5:58  Barracks  
  88  6:01  Barracks, Marauder  
  88  6:02  Marine  
  90  6:05  Medivac  
  90  6:10  Medivac  
  96  6:11  Hellion  
  96  6:14  SCV  
  95  6:21  Orbital Command  
  95  6:22  Marauder  
  96  6:30  Marine  
  96  6:31  Widow Mine  
  96  6:32  Widow Mine  
  95  6:36  Marine  
  94  6:43  Engineering Bay  
  94  6:44  Orbital Command, Marauder  
  94  6:51  Marine  
  94  6:52  Barracks Reactor, Barracks Tech Lab  
  91  6:54  SCV x2  
  91  6:57  Engineering Bay  
  93  7:01  Marine x2  
  93  7:05  Marauder  
  93  7:06  SCV  
  93  7:07  SCV  
  99  7:12  SCV  
  100  7:16  Marauder, Marine x2  
  100  7:18  SCV  
  100  7:19  SCV  
  105  7:24  Terran Infantry Weapons Level 1, SCV, Terran Infantry Armor Level 1  
  105  7:26  Marauder  
  105  7:29  Marine  
  107  7:32  Marine  
  107  7:33  Marine x2  
  107  7:34  Concussive Shells, Widow Mine  
  112  7:38  Marauder  
  112  7:39  Marine  
  112  7:42  Marine  
  109  7:46  Marine  
  109  7:47  SCV x3  
  109  7:49  Armory  
  109  7:50  Refinery  
  109  7:51  Refinery  
  113  7:55  Marine x2  
  113  7:56  Marauder, Marine  
  113  7:58  Marine, Medivac  
  120  8:00  SCV  
  118  8:06  SCV  
  118  8:07  Barracks  
  118  8:08  Barracks, Missile Turret  
  119  8:13  Marine  
  119  8:14  Marauder, Marine  
  119  8:15  Widow Mine  
  125  8:27  Supply Depot  
  125  8:28  Supply Depot  
  125  8:33  Supply Depot x2  
  125  8:40  SCV, Marine  
  125  8:42  SCV, Widow Mine, Marine  
  125  8:43  Marine  
  125  8:47  Marine x3  
  125  8:48  Marine, Medivac, Widow Mine  
  125  8:49  Marauder  
  126  8:58  Marine  
  126  9:00  Marine  
  127  9:08  Barracks Reactor, Marine  
  127  9:09  Barracks Reactor  
  125  9:10  Liberator  
  125  9:11  Command Center, Widow Mine  
  125  9:12  SCV, Marine  
  125  9:13  Marauder  
  125  9:14  Medivac  
  125  9:17  Marine  
  133  9:19  Marine x2  
  134  9:25  Widow Mine  
  139  9:33  Marine  
  138  9:39  Widow Mine  
  138  9:42  Marine x2  
  138  9:43  Marine  
  138  9:44  Marauder  
  131  9:48  Marine  
  131  9:49  Marauder, Marine  
  131  9:50  Marine x3  
  111  9:53  Widow Mine  
  111  9:54  Marine  
  111  9:59  Marine  
  87  10:00  Marine  
  87  10:01  Marine  
  87  10:05  Marauder  
  89  10:08  Marine, Widow Mine  
  89  10:09  Marine  
  89  10:10  Marauder  
  89  10:12  Marine  
  86  10:17  Marine x2  
  86  10:19  Marine  
  81  10:25  SCV  
Show
View Real Time Build Order
Export as new Build Order

Bison Zerg - Winner!

Build Orders: Hatch First 

Get SALT Encoding   

  12  0:02  Drone  
  13  0:12  Overlord  
  13  0:17  Drone  
  14  0:30  Drone  
  14  0:31  Drone  
  16  0:50  Hatchery  
  16  0:52  Drone  
  16  0:56  Drone  
  17  1:11  Spawning Pool  
  16  1:13  Drone  
  16  1:16  Drone  
  18  1:36  Hatchery  
  18  1:39  Drone  
  18  1:43  Drone  
  18  1:46  Drone  
  20  1:48  Extractor  
  19  1:59  Queen  
  21  2:06  Queen  
  23  2:13  Zergling x2  
  23  2:15  Drone  
  25  2:19  Overlord  
  25  2:23  Drone  
  25  2:27  Drone  
  25  2:29  Drone  
  28  2:38  Spore Crawler  
  28  2:43  Spore Crawler  
  26  2:50  Metabolic Boost  
  28  2:54  Queen  
  28  2:56  Queen  
  32  3:00  Drone  
  32  3:02  Drone  
  35  3:05  Drone  
  35  3:09  Drone  
  35  3:11  Drone  
  37  3:14  Overlord  
  37  3:20  Drone x2  
  37  3:22  Drone  
  40  3:27  Overlord  
  40  3:30  Drone x2  
  42  3:39  Overlord  
  42  3:45  Queen  
  42  3:47  Zergling x4  
  46  3:48  Zergling x2  
  46  3:49  Zergling x2  
  46  3:54  Overlord  
  48  3:56  Drone x2  
  48  3:59  Drone x3  
  53  4:10  Overlord  
  53  4:13  Drone x4  
  53  4:14  Overlord, Drone  
  58  4:26  Extractor  
  58  4:27  Drone  
  58  4:28  Roach Warren, Drone  
  58  4:29  Overlord  
  58  4:30  Drone x3  
  61  4:32  Drone  
  61  4:35  Drone x2  
  61  4:37  Drone x2  
  66  4:39  Drone  
  66  4:41  Drone  
  67  4:52  Drone x2  
  69  4:55  Drone x8  
  77  5:06  Evolution Chamber  
  76  5:09  Evolution Chamber, Drone  
  76  5:10  Extractor x2  
  76  5:11  Drone x2  
  76  5:14  Drone  
  76  5:15  Drone  
  76  5:16  Lair, Extractor  
  77  5:23  Drone x4  
  77  5:24  Drone, Extractor  
  81  5:30  Overlord x2  
  81  5:31  Overlord  
  81  5:34  Hatchery  
  80  5:37  Roach  
  80  5:40  Roach  
  80  5:41  Overlord  
  80  5:42  Zerg Ground Armor Level 1, Zerg Melee Weapons Level 1  
  82  5:45  Roach  
  82  5:47  Overlord  
  82  5:48  Overlord  
  82  5:49  Roach  
  84  5:51  Roach  
  84  5:55  Roach  
  90  5:57  Roach  
  90  5:59  Roach  
  90  6:01  Roach  
  90  6:07  Roach x2  
  90  6:10  Zergling x4  
  94  6:15  Zergling x2  
  94  6:16  Zergling x6  
  98  6:20  Zergling x4  
  98  6:25  Overlord x2  
  100  6:28  Overlord  
  86  6:33  Roach x3  
  86  6:37  Roach x2  
  86  6:39  Roach  
  87  6:48  Glial Reconstitution, Roach x2  
  87  6:50  Queen  
  87  6:52  Roach x2  
  95  6:57  Roach x3  
  99  7:07  Drone x5  
  103  7:12  Drone  
  103  7:13  Drone  
  105  7:19  Roach  
  105  7:22  Roach  
  109  7:23  Ravager x2  
  109  7:24  Ravager x2  
  109  7:28  Zergling x8  
  117  7:32  Zergling x2  
  118  7:38  Zergling x4  
  118  7:41  Zergling x4  
  118  7:44  Overlord x3, Zerg Melee Weapons Level 2  
  122  7:45  Zerg Ground Armor Level 2  
  122  7:52  Overlord  
  121  8:00  Hatchery  
  121  8:04  Overseer  
  120  8:07  Zergling x12  
  120  8:08  Zergling x4  
  120  8:09  Zergling x2  
  129  8:18  Zergling x10  
  134  8:24  Zergling x2  
  134  8:25  Zergling x12  
  134  8:26  Zergling x2  
  142  8:41  Ravager x9  
  149  8:43  Overlord  
  140  8:51  Zergling x22  
  140  8:53  Infestation Pit  
  140  8:54  Zergling x2  
  140  8:55  Zergling x2  
  152  8:59  Zergling x4  
  152  9:02  Zergling x4  
  152  9:07  Zergling x2  
  149  9:12  Zergling x6  
  149  9:13  Zergling x2  
  153  9:19  Zergling x2  
  153  9:26  Zergling x14  
  153  9:27  Zergling x8  
  154  9:42  Zergling x2  
  154  9:43  Zergling x10  
  148  9:49  Zergling x4  
  148  9:52  Zergling x6  
  138  9:54  Zergling x4  
  138  9:59  Zergling x10  
  137  10:02  Zergling x2  
  137  10:04  Ravager x5  
  137  10:06  Zergling x2  
  140  10:12  Zergling x6  
  134  10:22  Zergling x12  
Tags
 
Add a new tag
Caveats
  • Supply blocks, unpowered buildings, or Contaminate may cause inaccurate times.
  • Supply counts are checked every 10 seconds.